 Dungeon Crawl Stone Soup version 0.25-a0-589-g1e14c549ee (webtiles) character file.

Game seed: 9764339719071333786, levelgen mode: deterministic

144 Essalna the Firebug (level 5, 0/28 HPs)
             Began as a Gargoyle Fire Elementalist on Mar 9, 2020.
             Killed by nerve-wracking pain
             ... invoked by Grinder
              (3 damage)
             ... on level 3 of the Dungeon.
             The game lasted 00:06:56 (1987 turns).

Essalna the Firebug (Gargoyle Fire Elementalist)    Turns: 1987, Time: 00:06:56

Health: 0/28       AC:  6    Str: 11    XL:     5   Next: 27%
Magic:  4/9        EV: 12    Int: 17    God:
Gold:   105        SH:  0    Dex: 12    Spells: 9/10 levels left

rFire    . . .     SeeInvis .   n - +3 short sword (speed)
rCold    . . .     Gourm    .   (no shield)
rNeg     + . .     Faith    .   a - +0 robe
rPois    ∞         Spirit   .   (no helmet)
rElec    +         Reflect  .   (no cloak)
rCorr    .         Harm     .   (no gloves)
MR       .....                  (no boots)
Stlth    +.........             (no amulet)
HPRegen  0.09/turn              k - +2 ring of dexterity
MPRegen  0.11/turn              q - ring of attention

@: hasted, very quick
A: negative energy resistance 1, electricity resistance, unbreathing,
petrification resistance, rot immunity, AC +4
a: no special abilities


You were on level 3 of the Dungeon.
You were not hungry.

You visited 1 branch of the dungeon, and saw 3 of its levels.

You collected 105 gold pieces.

Inventory:

Hand Weapons
 d - a +0 short sword
 n - a +3 short sword of speed (weapon)
Armour
 a - a +0 robe (worn)
Jewellery
 k - a +2 ring of dexterity (left hand)
 m - an uncursed ring of ice
 q - a ring of attention (right hand)
 r - an uncursed ring of resist corrosion {unknown}
Scrolls
 b - a scroll of remove curse
Potions
 f - a potion of flight
Comestibles
 c - 10 rations


   Skills:
 + Level 0.9 Fighting
 + Level 0.8 Short Blades
 - Level 1.5 Dodging
 - Level 2.1 Stealth
 + Level 3.1 Spellcasting
 + Level 2.9 Conjurations
 + Level 3.9 Fire Magic


You had 9 spell levels left.
You knew the following spells:

 Your Spells              Type           Power        Failure   Level  Hunger
a - Foxfire               Conj/Fire      ##..         4%          1    None

Your spell library contained the following spells:

 Spells                   Type           Power        Failure   Level  Hunger
 Conjure Flame            Conj/Fire      ##......     12%         3    ###....
 Inner Flame              Hex/Fire       #.......     22%         3    ###....
 Sticky Flame             Conj/Fire      ##......     38%         4    ####...
 Fireball                 Conj/Fire      ##........   75%         5    ######.


Dungeon Overview and Level Annotations

Branches:
Dungeon (3/15)

Altars:
Fedhas

Annotations:
D:3 Grinder


Innate Abilities, Weirdness & Mutations

You are resistant to torment.
Your stone body is resilient. (AC +4)
You are immune to poison.
You resist negative energy. (rN+)
You are resistant to electric shocks. (rElec)
You can survive without breathing.
You are immune to petrification.
You are immune to rotting.


Message History

Grinder gestures at you. You resist with significant effort.
Your foxfire dissipates!
The foxfire hits Grinder but does no damage.
Grinder is heavily wounded.
The foxfire hits Grinder but does no damage.
Grinder is heavily wounded.
The foxfire hits Grinder.
Grinder is heavily wounded.
Grinder says, "Are you a fish?"
You feel yourself speed up. Grinder closely misses you.
You hit Grinder.
Grinder is severely wounded.
You barely miss Grinder.
Grinder is severely wounded.
You hit Grinder.
Grinder is severely wounded.
Grinder gestures at you. Pain shoots through your body!
You die...

#......###...#.#.#####....
#......##.................
##.#####......###..##............
.............## #..#...†.........
#..##.#......# #.......###.#####
#..##.#.###### #.#.##.## #.# #
#.....#÷# #.#.##.# #.# #
#.##†.#.# #####......# #.# #
#.##..#.# #...@5..#### #.#####
........# #.####..# #......
#.......#####.### ..# #######.##
#.##.##.........# ..# ##.#......#
#.##.....####.#.....###.#..###...
#.#####>## #.####.###.###...##†.
#.#####.# #.. .# ##.#..#.#...
#.......# #### ## #...........
######### #.#.#......#


You could see Grinder.

Vanquished Creatures
  Terence (D:3)
  5 adders
  An ooze (D:2)
  A worm (D:3)
  4 dart slugs
  A leopard gecko (D:1)
  7 giant cockroaches
  7 goblins
  8 hobgoblins
  10 bats
  2 frilled lizards (D:1)
  7 kobolds
  7 rats
61 creatures vanquished.

Vanquished Creatures (others)
  99 foxfires
99 creatures vanquished.

Grand Total: 160 creatures vanquished

Notes
Turn   | Place    | Note
-------+----------+-------------------------------------------
     0 | D:1      | Essalna the Gargoyle Fire Elementalist began the quest for
                  | the Orb.
     0 | D:1      | Reached XP level 1. HP: 10/10 MP: 3/3
   247 | D:1      | Reached XP level 2. HP: 15/15 MP: 0/5
   473 | D:1      | Reached XP level 3. HP: 19/19 MP: 6/6
  1154 | D:2      | Reached XP level 4. HP: 23/24 MP: 8/8
  1363 | D:2      | Found a blossoming altar of Fedhas.
  1413 | D:3      | Noticed Terence
  1434 | D:3      | Killed Terence
  1572 | D:3      | Reached XP level 5. HP: 25/28 MP: 9/9
  1970 | D:3      | Noticed Grinder
  1987 | D:3      | Killed from afar by Grinder

Levels and vault maps discovered:
D:1:      scummos_arrival_checkerplants, layout_rooms
D:2:      layout_rooms, fedhas_altar_fruit_tree, first_ration
D:3:      layout_loops_cross, uniq_terence, uniq_grinder

Skill      XL: |  1  2  3  4 |
---------------+-------------+-----
Conjurations   | 2 |  2.9
Spellcasting   | 3 |  3.1
Fighting       | |  0.9
Short Blades   | |  0.8
Dodging        | |  1.5
Stealth        | |  2.1
Fire Magic     | |  3.9

Action                   |  1- 3 |  4- 6 || total
-------------------------+-------+-------++-------
Melee: Unarmed           |    26 |       ||    26
       Short sword       |    52 |    46 ||    98
 Cast: Foxfire           |    39 |    30 ||    69
  Use: Scroll            |       |     6 ||     6
       Potion            |       |     5 ||     5
 Stab: Sleeping          |     1 |     1 ||     2
  Eat: Chunk             |     1 |     3 ||     4
Armor: Robe              |    32 |    16 ||    48
Dodge: Dodged            |    67 |    24 ||    91

Table legend:
 A = Non-vault XP
 B = Vault XP
 C = Vault XP percentage of total XP
 D = Non-vault monster count
 E = Vault monster count
 F = Vault count percentage of total count
                 A         B        C        D         E       F
            +---------+---------+-------+---------+---------+-------
      Total |     171 |      36 |  17.4 |      60 |       1 |   1.6
            +---------+---------+-------+---------+---------+-------
        D:1 |      50 |       0 |   0.0 |      28 |       0 |   0.0
        D:2 |      61 |       0 |   0.0 |      20 |       0 |   0.0
        D:3 |      60 |      36 |  37.5 |      12 |       1 |   7.7
            +---------+---------+-------+---------+---------+-------
